 Dungeon Crawl Stone Soup version 0.17.1-3-g152610e (webtiles) character file.

164 Peloso the Shield-Bearer (level 5, -5/47 HPs)
             Began as a Minotaur Fighter on Apr 18, 2016.
             Slain by a gnoll
             ... wielding a +0 halberd
              (12 damage)
             ... on level 2 of the Dungeon.
             The game lasted 00:03:39 (2170 turns).

Peloso the Shield-Bearer (Minotaur Fighter)         Turns: 2170, Time: 00:03:39

Health: -5/47      AC:  7    Str: 20    XL:     5   Next: 21%
Magic:  4/4        EV:  8    Int:  5    God:
Gold:   140        SH: 10    Dex: 11    Spells: 0 memorised, 4 levels left

rFire  . . .     SeeInvis .     a - +0 long sword
rCold  . . .     Clarity  .     b - +0 scale mail
rNeg   . . .     SustAt   .     c - +0 shield
rPois  .         Gourm    .     (helmet restricted)
rElec  .         Spirit   .     (no cloak)
rCorr  .         Warding  .     (no gloves)
rMut   .         Stasis   .     (no boots)
MR     .....                    (no amulet)
Stlth  ..........               (no ring)
                                (no ring)

@: not resistant to hostile enchantments, extremely unstealthy
A: retaliatory headbutt, horns 2
a: no special abilities


You were on level 2 of the Dungeon.
You were very hungry.

You visited 1 branch of the dungeon, and saw 3 of its levels.

You collected 140 gold pieces.

Inventory:

Hand Weapons
 a - a +0 long sword (weapon)
Armour
 b - a +0 scale mail (worn)
 c - a +0 shield (worn)
Wands
 q - a wand of disintegration (5)
Scrolls
 h - 3 scrolls of identify {unknown}
 i - 2 scrolls of enchant weapon {unknown}
 m - a scroll of teleportation {unknown}
 s - a scroll of amnesia {unknown}
Potions
 d - a potion of might
 g - a potion of curing {unknown}
 j - 2 potions of ambrosia {unknown}
 k - 2 potions of cure mutation {unknown}
 n - a potion of poison {unknown}
 o - a potion of flight {unknown}
 p - a potion of agility {unknown}
Comestibles
 e - 2 bread rations
 f - a meat ration
 l - a beef jerky


   Skills:
 + Level 4.3 Fighting
 + Level 2.9 Long Blades
 + Level 4.9 Armour
 + Level 1.6 Dodging
 + Level 0.1 Stealth
 + Level 5.0 Shields


You had 4 spell levels left.
You didn't know any spells.

Dungeon Overview and Level Annotations

Branches:
Dungeon (3/15)

Altars:
Elyvilon


Innate Abilities, Weirdness & Mutations

You reflexively headbutt those who attack you in melee.
You have a pair of horns on your head.


Message History

The gnoll hits you from afar with a spear.
You block the gnoll's attack. The gnoll hits you with a halberd!
* * * LOW HITPOINT WARNING * * *
You climb upwards.
There is a stone staircase leading down here.
You closely miss the gnoll. Your headbutt misses the gnoll.
The gnoll is heavily wounded.
The gnoll hits you with a club.
* * * LOW HITPOINT WARNING * * *
The gnoll hits you with a halberd.
* * * LOW HITPOINT WARNING * * *
Unknown command.
You closely miss the gnoll.
The gnoll is heavily wounded.
You block the gnoll's attack. The gnoll barely misses you.
Unknown command.
You hit the gnoll but do no damage. Your headbutt misses the gnoll.
The gnoll is heavily wounded.
You block the gnoll's attack. The gnoll hits you with a halberd!
You die...

#...##### ### ##### #.#.....#
##.######...#
#...###.######.........#.#
#.....#[..........####...#
##..#.######.......# ##.#####
#######............# #.....#
###...#.####.......# #.###.#
....8...# ##...g..####.# #.#
###...### ##..@#......# #.# #
###### ##.g.#.####.# #.#
#..######......# #.###.##### #
##...........#.####.......... #
###########..##....#####.##### #
#.<...........#.##.# #.# ##. #
#.#######.###.#.##[#####.###.#
####.#### #.# #....<.........)..
........####.###.####.#.###......


You could see 2 gnolls.

Vanquished Creatures
  An orc priest (D:3)
  Ijyb (D:2)
  3 adders
  A shadow imp (D:3)
  3 oozes
  3 giant geckos
  4 orcs (D:3)
  10 hobgoblins
  4 jackals
  3 kobolds
  A quokka (D:2)
  A ball python (D:2)
  5 bats (D:1)
  5 giant newts
  4 goblins
  3 rats
52 creatures vanquished.

Notes
Turn   | Place    | Note
--------------------------------------------------------------
     0 | D:1      | Peloso the Minotaur Fighter began the quest for the Orb.
     0 | D:1      | Reached XP level 1. HP: 19/19 MP: 0/0
    84 | D:1      | Reached XP level 2. HP: 25/27 MP: 1/1
    93 | D:1      | Reached skill level 4 in Shields
   393 | D:1      | Reached XP level 3. HP: 33/33 MP: 2/2
   716 | D:2      | Noticed Ijyb
   725 | D:2      | Killed Ijyb
   781 | D:2      | Reached skill level 1 in Dodging
   781 | D:2      | Reached XP level 4. HP: 18/40 MP: 3/3
  1103 | D:2      | Found a white marble altar of Elyvilon.
  1735 | D:3      | Reached skill level 5 in Shields
  1735 | D:3      | Reached XP level 5. HP: 30/47 MP: 4/4
  2170 | D:2      | Slain by a gnoll

Action                   |  1- 3 |  4- 6 || total
-------------------------+-------+-------++-------
Melee: Long sword        |    63 |    67 ||   130
  Eat: Chunk             |       |     3 ||     3
